 Dungeon Crawl Stone Soup version 0.23.1-37-gaa34b87 (webtiles) character file.

Game seed: 17696235048202831323

53 Irenicus the Chopper (level 3, -3/49 HPs)
             Began as a Deep Dwarf Berserker on Mar 23, 2019.
             Was a Believer of Trog.
             Slain by Sigmund
             ... wielding a +0 scythe
              (8 damage)
             ... on level 2 of the Dungeon.
             The game lasted 00:03:40 (703 turns).

Irenicus the Chopper (Deep Dwarf Berserker)          Turns: 703, Time: 00:03:40

Health: -3/49      AC:  4    Str: 25    XL:     3   Next: 64%
Magic:  3/3        EV: 12    Int:  7    God:    Trog [**....]
Gold:   65         SH:  0    Dex: 13    Spells: 2/2 levels left

rFire    . . .     SeeInvis .   a - +0 hand axe
rCold    . . .     Gourm    .   (no shield)
rNeg     . . .     Faith    .   e - +0 leather armour
rPois    .         Spirit   .   (no helmet)
rElec    .         Reflect  .   b - +0 cloak
rCorr    .         Harm     .   (no gloves)
MR       .....                  (no boots)
Stlth    ..........             (no amulet)
HPRegen  0.00/turn              (no ring)
MPRegen  0.08/turn              (no ring)

@: berserking, non-regenerating, very quick
A: damage resistance, heal wounds, sense surroundings 1, no regeneration
a: Heal Wounds, Berserk, Trog's Hand, Renounce Religion


You were on level 2 of the Dungeon.
You worshipped Trog.
Trog was pleased with you.
You were not hungry.

You visited 1 branch of the dungeon, and saw 2 of its levels.

You collected 65 gold pieces.

Inventory:

Hand Weapons
 a - a +0 hand axe (weapon)
Armour
 b - a +0 cloak (worn)
   (You found it on level 1 of the Dungeon)
 e - a +0 leather armour (worn)
   (You found it on level 1 of the Dungeon)
Jewellery
 i - an uncursed ring of fire {unknown}
   (You found it on level 2 of the Dungeon)
Scrolls
 f - a scroll of remove curse {unknown}
 h - a scroll of magic mapping {unknown}
Potions
 d - a potion of cancellation
 g - a potion of brilliance {unknown}
 j - a potion of might {unknown}
 k - a potion of heal wounds {unknown}
Comestibles
 c - 2 rations


   Skills:
 - Level 2.6 Fighting
 + Level 5.1 Axes
 - Level 2.1 Armour
 - Level 2.1 Dodging


You had 2 spell levels left.
You didn't know any spells.
Your spell library was empty.

Dungeon Overview and Level Annotations

Branches:
Dungeon (2/15)

Altars:
Trog

Annotations:
D:2 Sigmund


Innate Abilities, Weirdness & Mutations

You are resistant to damage.
You can heal yourself by infusing magical energy.
You passively map a small area around you.
You do not regenerate.


Message History

Found an escape hatch in the ceiling.
A worm comes into view.
You see here a pearl ring.
i - a pearl ring A rat comes into view.
Found a bubbling silvery potion and 13 gold pieces.
Found a bloodstained altar of Trog.
You see here a bubbling silvery potion.
j - a bubbling silvery potion You see here 13 gold pieces.
You now have 44 gold pieces (gained 13).
You hit the hobgoblin. The hobgoblin hits you.
You hit the hobgoblin but do no damage. The hobgoblin barely misses you.
You hit the hobgoblin but do no damage. The hobgoblin barely misses you.
You hit the hobgoblin but do no damage. The hobgoblin misses you.
You hit the hobgoblin. The hobgoblin closely misses you.
You hit the hobgoblin but do no damage.
The hobgoblin hits you but does no damage.
You barely miss the hobgoblin. You hit the rat.
You kill the rat!
Trog accepts your kill. The hobgoblin barely misses you.
You hit the hobgoblin.
You kill the hobgoblin!
Trog accepts your kill.
You can now call upon Trog for regeneration and magic resistance.
A frilled lizard comes into view.
The frilled lizard hisses angrily.
A kobold comes into view. It is wielding a -1 short sword.
The kobold shouts!
The frilled lizard misses you.
You closely miss the frilled lizard. The frilled lizard barely misses you.
You closely miss the kobold. You closely miss the frilled lizard.
The kobold hits you but does no damage. The frilled lizard closely misses you.
You hit the kobold.
You kill the kobold!
Trog accepts your kill.
You closely miss the frilled lizard. The frilled lizard closely misses you.
You closely miss the frilled lizard. The frilled lizard closely misses you.
You hit the frilled lizard.
You kill the frilled lizard!
Trog accepts your kill.
A cursed -1 short sword.
There is something else lying underneath.
The floor, spattered with blood.
Things that are here:
a cursed -1 short sword; a kobold corpse A bat comes into view.
The bat hits you but does no damage.
You hit the bat.
You kill the bat!
Trog accepts your kill.
You see here a bat corpse.
You now have 55 gold pieces (gained 11).
You now have 65 gold pieces (gained 10).
Found a stone staircase leading up.
k - a sedimented dark potion
There is a stone staircase leading up here.
You see here a leather armour.
You see here a leather armour.
There is a stone staircase leading up here.
A dart slug comes into view.
The dart slug launches a dart at you. The slug dart hits you.
You take 5 damage, and have 10/33 hp.
You barely miss the dart slug. You hit the dart slug.
The dart slug bites you but does no damage.
You hit the dart slug but do no damage. The dart slug bites you.
* * * LOW HITPOINT WARNING * * *
You take 1 damage, and have 9/33 hp.
You hit the dart slug. The dart slug closely misses you.
You hit the dart slug. You hit the dart slug.
The dart slug launches a dart at you. The slug dart misses you.
You slash the dart slug!
You kill the dart slug!
Trog accepts your kill.
A bat comes into view.
Sigmund the Dreaded comes into view.
He is wielding a +0 scythe and wearing a +2 robe of cold resistance.
Sigmund shouts!
Sigmund moves out of view.
It was a potion of cancellation.
You feel magically purged. Sigmund closely misses you.
A red film seems to cover your vision as you go berserk!
You feel yourself moving faster!
You feel mighty!
You feel quite a bit more hungry. The bat barely misses you.
Sigmund hits you from afar with a +0 scythe!
* * * LOW HITPOINT WARNING * * *
You now have 5/49 hp.
You slash the bat!
You kill the bat!
Trog accepts your kill.
You barely miss Sigmund.
Sigmund casts a spell.
Sigmund flickers and vanishes!
Deactivating autopickup; reactivate with Ctrl-A.
You hit something. Something hits you!
You die...

###.# ....# ,
≈≈P.# ###.. , # *
,P...# #. * +
..... * , ##.# _
#..⌠.. ** * ,
...###...... ,
#.###..#....#*,*
*, ......{...# *
..# , *#@?#####.#
* ###..# # #
#......... *
.....# #.# *
#..#####.. ####.#
#.# #....###.? ,
#.##.#..*
#......... #.#.#
#.# #..#.#####,
####..#*
#.####.....##
.....##
##....†.....# ,
#####.##
##.####.........,


There were no monsters in sight!

Vanquished Creatures
  An ooze (D:1)
  6 dart slugs
  4 bats
  3 giant cockroaches (D:1)
  A goblin (D:1)
  5 hobgoblins
  A quokka (D:1)
  4 frilled lizards
  4 kobolds
  9 rats
38 creatures vanquished.

Notes
Turn   | Place    | Note
-------+----------+-------------------------------------------
     0 | D:1      | Irenicus the Deep Dwarf Berserker began the quest for the
                  | Orb.
     0 | D:1      | Reached XP level 1. HP: 20/20 MP: 1/1
   110 | D:1      | Reached skill level 4 in Axes
   110 | D:1      | Reached XP level 2. HP: 17/27 MP: 2/2
   205 | D:1      | HP: 5/27 [dart slug/slug dart (5)]
   246 | D:1      | HP: 3/27 [kobold (2)]
   380 | D:1      | Reached XP level 3. HP: 22/33 MP: 3/3
   478 | D:1      | Reached skill level 5 in Axes
   579 | D:2      | Found a bloodstained altar of Trog.
   596 | D:2      | Reached ** piety under Trog
   695 | D:2      | Noticed Sigmund
   699 | D:2      | HP: 5/49 [Sigmund/+0 scythe (9)]
   703 | D:2      | Slain by Sigmund

Skill      XL: |  1  2  3 |
---------------+----------+-----
Axes           | 4 5 |  5.1
Fighting       | |  2.6
Armour         | |  2.1
Dodging        | |  2.1

Action                   || total
-------------------------++-------
Melee: Hand axe          ||   111
Invok: Berserk           ||     1
 Abil: Heal Wounds       ||     1
  Use: Potion            ||     1
Armor: Animal skin       ||    10
       Leather armour    ||    17
Dodge: Dodged            ||    69

Levels and vault maps discovered:
D:1:      onia_arrival_larder, layout_basic, serial_park_tiny_1,
          minmay_pentomino_q4
D:2:      minmay_diamond_boxcup, layout_loops_ring, tso_oasis_becter,
          old_standard_altar, grunt_ministairs_10, minmay_indecisive_spiral,
          uniq_sigmund, uniq_natasha

Table legend:
 A = Turns spent in this place as a percentage of turns spent in the entire game.
 B = Non-inter-level travel turns spent in this place as a percentage of non-inter-level travel turns spent in the entire game.
 C = Inter-level travel turns spent in this place as a percentage of turns spent in this place.
 D = Turns resting spent in this place as a percentage of non-inter-level travel turns spent in this place.
 E = Turns spent auto-exploring this place as a percentage of non-inter-level travel turns spent in this place.
 F = Non-inter-level travel turns spent in this place divided by the number of levels of this place that you've seen.
                   A       B       C       D       E      F
               +-------+-------+-------+-------+-------+----------------------
         Total | 100.0 | 100.0 |   0.0 |   0.0 |   0.0 | 351.5
       Dungeon | 100.0 | 100.0 |   0.0 |   0.0 |   0.0 | 351.5
               +-------+-------+-------+-------+-------+----------------------

Table legend:
 A = Kills in this place as a percentage of kills in entire the game.
 B = Kills by you in this place as a percentage of kills by you in the entire game.
 C = Kills by friends in this place as a percentage of kills by friends in the entire game.
 D = Other kills in this place as a percentage of other kills in the entire game.
 E = Experience gained in this place as a percentage of experience gained in the entire game.
 F = Experience gained in this place divided by the number of levels of this place that you have seen.
                   A       B       C       D       E      F
               +-------+-------+-------+-------+-------+----------------------
         Total | 100.0 | 100.0 |   N/A |   N/A | 100.0 |  38.5
       Dungeon | 100.0 | 100.0 |   N/A |   N/A | 100.0 |  38.5
               +-------+-------+-------+-------+-------+----------------------
